 Dungeon Sprint DCSS version 0.29-a0-876-gfc89b1a5bd (webtiles) character file.

Game seed: 8897551386731462229

1551 wilfster70 the Cruncher (level 9, -8/76 HPs)
             Began as a Formicid Fighter on July 19, 2022.
             Was an Initiate of Gozag.
             Mangled by a red ugly thing (9 damage)
             ... in the Dungeon (Sprint IX: "|||||||||||||||||||||||||||||").
             The game lasted 00:02:17 (749 turns).

wilfster70 the Cruncher (Formicid Fighter)           Turns: 749, Time: 00:02:18

Health: -8/76      AC: 17    Str: 24    XL:     9   Next: 12%
Magic:  9/9        EV: 11    Int:  9    God:    Gozag
Gold:   198        SH:  7    Dex: 13    Spells: 8/8 levels left

rFire   + . .      SeeInvis +   a - +4 quarterstaff (speed)
rCold   + . .      Faith    .   c - +0 buckler
rNeg    . . .      Spirit   .   k - +1 chain mail
rPois   +          Reflect  .   (helmet unavailable)
rElec   +          Harm     .   (no cloak)
rCorr   +          Rampage  .   j - +0 pair of gloves
Will    .....                   (no boots)
Stlth   ..........              (no amulet)
HPRegen 0.22/turn               b - +2 ring of protection
MPRegen 0.11/turn               l - +2 ring of protection

@: mighty, brilliant, resistant, gold aura
A: permanent stasis, dig shafts and tunnels, antennae 3, four strong arms
a: Dig, Renounce Religion, Potion Petition, Call Merchant, Bribe Branch


You were in the Dungeon.
You worshipped Gozag.
Gozag was aware of your devotion.
You visited 1 branch You collected 576 gold pieces.
You paid 378 gold pieces to Gozag.

Inventory:

Hand Weapons
 a - a +4 quarterstaff of speed (weapon)
Armour
 c - a +0 buckler (worn)
 j - a +0 pair of gloves (worn)
 k - a +1 chain mail (worn)
Jewellery
 b - a +2 ring of protection (left hand)
 l - a +2 ring of protection (right hand)
Wands
 i - a wand of light (9)
Scrolls
 h - 2 scrolls of amnesia
Potions
 d - a potion of invisibility
 e - 4 potions of curing
 g - 4 potions of magic


   Skills:
 + Level 9.3 Fighting
 * Level 11.4 Staves
 + Level 9.2 Armour
 + Level 7.2 Dodging
 + Level 11.1 Shields


You had 8 spell levels left.
You didn't know any spells.
Your spell library was empty.

Dungeon Overview and Level Annotations

Branches:
Dungeon (1/1)

Altars:
Cheibriados
Dithmenos
Elyvilon
Fedhas
Gozag
Hepliaklqana
Kikubaaqudgha
Makhleb
Nemelex Xobeh
Okawaru
Qazlal
Ru
Sif Muna
Trog
Uskayaw
Vehumet
Wu Jian
Xom
Yredelemnul
Zin
The Shining One
Jiyva
Lugonu


Innate Abilities, Weirdness & Mutations

You cannot be hasted, slowed, berserked, paralysed or teleported.
You can dig through walls and to a lower floor.
You have a pair of large antennae on your head. (SInv)
Your four strong arms can wield two-handed weapons with a shield.


Message History

The tengu warrior hits you with a +2 long sword!
* * * LOW HITPOINT WARNING * * *
The tengu warrior barely misses you.
The tengu warrior claws you but does no damage.
You feel better.
The tengu warrior hits you with a +2 long sword!
* * * LOW HITPOINT WARNING * * *
The tengu warrior completely misses you.
The tengu warrior claws you but does no damage.
You barely miss the tengu warrior.
The tengu warrior is almost dead.
You miss the tengu warrior.
The tengu warrior is almost dead.
The tengu warrior hits you but does no damage.
You block the tengu warrior's attack. The tengu warrior closely misses you.
You sock the tengu warrior!
You kill the tengu warrior!
The human changes into a rime drake!
Your Fighting skill increases to level 9!
Your Staves skill increases to level 11!
Your Armour skill increases to level 9!
Your Dodging skill increases to level 7!
Your Shields skill increases to level 11!
You have reached level 9!
Your experience leads to an increase in your attributes!
Increase (S)trength, (I)ntelligence, or (D)exterity?
You feel stronger. x2
You hit the red ugly thing but do no damage.
You sock the red ugly thing!
The red ugly thing is moderately wounded.
You block the red ugly thing's attack.
You bludgeon the red ugly thing!!
The red ugly thing is heavily wounded.
You closely miss the red ugly thing.
The red ugly thing is heavily wounded.
The red ugly thing pecks you!
* * * LOW HITPOINT WARNING * * *
You are engulfed in flames!
You resist.
You die...
Your body crumbles into a pile of gold.

▓.▓
▓c▓
▓.▓
▓C▓
▓k▓
▓u▓
▓u▓
▓@▓
$
▓.▓
$
▓.▓
$ $
▓)▓
$
▓.▓
$
▓)▓
▓)▓
$
▓.▓
$
▓.▓
{ $


You could see 2 ugly things, a centaur warrior, a cyclops and a rime drake
shaped shifter.

Vanquished Creatures
  A tengu warrior (D)
  A two-headed ogre (D)
  A wyvern (D)
  An orc warrior (D)
  A killer bee (D)
  A howler monkey (D)
  A hound (D)
  2 orc wizards (D)
  A shadow imp (D)
  A dart slug (D)
  An orc (D)
  2 ball pythons (D)
  A giant cockroach (D)
  A hobgoblin (D)
  A kobold (D)
17 creatures vanquished.

Notes
Turn   | Place    | Note
-------+----------+-------------------------------------------
     0 | D        | wilfster70 the Formicid Fighter began the quest for the
                  | Orb.
     0 | D        | Reached XP level 1. HP: 18/18 MP: 1/1
    11 | D        | Reached skill level 1 in Dodging
    13 | D        | Reached XP level 2. HP: 19/25 MP: 2/2
   112 | D        | Reached skill level 5 in Shields
   112 | D        | Reached XP level 3. HP: 5/30 MP: 3/3
   117 | D        | Reached skill level 5 in Staves
   117 | D        | Reached XP level 4. HP: 6/38 MP: 4/4
   386 | D        | Found a snail-covered altar of Cheibriados.
   386 | D        | Found a shadowy altar of Dithmenos.
   386 | D        | Found a white marble altar of Elyvilon.
   386 | D        | Found a blossoming altar of Fedhas.
   386 | D        | Found an opulent altar of Gozag.
   387 | D        | Found a hazy altar of Hepliaklqana.
   388 | D        | Found a viscous altar of Jiyva.
   389 | D        | Found an ancient bone altar of Kikubaaqudgha.
   390 | D        | Found a corrupted altar of Lugonu.
   391 | D        | Found a burning altar of Makhleb.
   392 | D        | Found a sparkling altar of Nemelex Xobeh.
   393 | D        | Found an iron altar of Okawaru.
   394 | D        | Became a worshipper of Gozag Ym Sagoz the Greedy
   395 | D        | Found a stormy altar of Qazlal.
   396 | D        | Found a sacrificial altar of Ru.
   397 | D        | Found a shimmering blue altar of Sif Muna.
   398 | D        | Found a bloodstained altar of Trog.
   399 | D        | Found a hide-covered altar of Uskayaw.
   400 | D        | Found a radiant altar of Vehumet.
   401 | D        | Found an ornate altar of the Wu Jian Council.
   402 | D        | Found a shimmering altar of Xom.
   403 | D        | Found a basalt altar of Yredelemnul.
   404 | D        | Found a glowing silver altar of Zin.
   405 | D        | Found a glowing golden altar of the Shining One.
   454 | D        | Noticed a wyvern
   454 | D        | Noticed a two-headed ogre
   454 | D        | Noticed an orc warrior
   458 | D        | Reached skill level 5 in Fighting
   458 | D        | Reached skill level 5 in Armour
   458 | D        | Reached XP level 5. HP: 42/44 MP: 5/5
   465 | D        | HP: 1/44 [two-headed ogre/+0 giant club (11)]
   472 | D        | Killed a two-headed ogre
   473 | D        | Reached XP level 6. HP: 37/56 MP: 6/6
   473 | D        | Reached XP level 7. HP: 40/61 MP: 7/7
   478 | D        | Reached skill level 10 in Staves
   478 | D        | Reached XP level 8. HP: 45/68 MP: 8/8
   482 | D        | Killed a wyvern
   483 | D        | Reached skill level 10 in Shields
   715 | D        | Noticed a centaur warrior
   715 | D        | Noticed a cyclops
   715 | D        | Noticed a green ugly thing
   715 | D        | Noticed a hog
   715 | D        | Noticed a cyan ugly thing
   715 | D        | Noticed a tengu warrior
   717 | D        | a hog changed into a sky beast
   719 | D        | Noticed a rime drake
   719 | D        | a sky beast changed into a rime drake
   721 | D        | a rime drake changed into a naga
   735 | D        | Noticed a human
   735 | D        | a naga changed into a human
   745 | D        | Killed a tengu warrior
   745 | D        | Noticed a rime drake
   745 | D        | a human changed into a rime drake
   746 | D        | Reached XP level 9. HP: 11/76 MP: 9/9
   749 | D        | HP: 1/76 [red ugly thing (10)]
   749 | D        | Mangled by a red ugly thing

Illustrated notes

Levels and vault maps discovered:
D:        linesprint [early_d, line_temple, items_1, d_10, items_2, lair_1,
          lair_end, items_3, orc_1, orc_end, items_4, d_15, swamp_1, shoals_1,
          snake_1, spider_1, d_20, vaults_1, items_5, swamp_end, shoals_end,
          snake_end, spider_end, vaults_end, d_27, items_6, zot_1, zot_end,
          crypt_end, forest_end, elf_end, slime_end, tomb_end, abyss_end,
          pan_hell_end]

Skill      XL: |  1  2  3  4  5  6  7  8 |
---------------+-------------------------+-----
Dodging        | 1 2 3 6 7 |  7.2
Staves         | 4 5 9 10 11 | 11.4
Fighting       | 4 5 7 8 9 |  9.3
Armour         | 4 5 7 8 9 |  9.2
Shields        | 5 6 9 11 | 11.1

Action                   |  1- 3 |  4- 6 |  7- 9 || total
-------------------------+-------+-------+-------++-------
Melee: Quarterstaff      |    26 |    13 |    44 ||    83
Invok: Potion Petition   |       |       |     1 ||     1
Evoke: Wand              |       |     1 |       ||     1
  Use: Potion            |     2 |     2 |     1 ||     5
 Stab: Invisible         |       |     1 |     1 ||     2
       Distracted        |       |       |     2 ||     2
Armor: Scale mail        |     8 |       |       ||     8
       Chain mail        |       |       |    26 ||    26
Dodge: Dodged            |     7 |     4 |     9 ||    20
Block: Buckler           |     2 |     1 |    11 ||    14

Table legend: (Time is in decaauts)
 A = Elapsed time spent in this place.
 B = Non-inter-level travel time spent in this place.
 C = Inter-level travel time spent in this place.
 D = Time resting spent in this place.
 E = Time spent auto-exploring this place.
 F = Levels seen in this place.
 G = Mean time per level.
                   A        B        C        D        E       F      G
               +--------+--------+--------+--------+--------+-----+--------+
         Total |    727 |    727 |      0 |    548 |      0 |   1 |  727.0 |
       Dungeon |    727 |    727 |      0 |    548 |      0 |   1 |  727.0 |
               +--------+--------+--------+--------+--------+-----+--------+

Top non-repeatable levels by time:
       D: 727 daAuts
